Cogmind - Beta 14 @@@ ROGUE MODE // 2025.03.28 @ 21:10:28 Player: mix Result: Self-destructed Performance ------------- Evolutions (2) 1000 Regions Visited (3) 600 Robots Destroyed (21) 105 Value Destroyed (564) 564 Prototype IDs (0) 0 Alien Tech Used (0) 0 Bonus (0) 0 TOTAL SCORE: 2269 Bonus ------- None Cogmind --------- Core Integrity 550/550 Matter 290/300 Energy 250/250 System Corruption 0% Temperature Cool (0) Movement Treading (160) Location -8/Materials Parts ------- > --- POWER (1) -------- Ion Engine > --- PROPULSION (2) --- Improved Treads Spiked Treads > --- UTILITY (2) ------ Large Storage Unit Structural Scanner > --- WEAPON (6) ------- Subdweller Beam Cannon Mini Grenade Launcher > --- INVENTORY (15) --- Ion Engine Improved Treads Improved Treads Improved Treads Improved Treads Improved Treads Structural Scanner Makeshift Light Armor Plating Particle Gun Subdweller Beam Cannon Mini Grenade Launcher Mini Grenade Launcher Mini Grenade Launcher Flamer Scrap Shield Fragment (45) Peak State ------------ > --- POWER ------------ Ion Engine > --- PROPULSION ------- Improved Treads Improved Treads > --- UTILITY ---------- Large Storage Unit Makeshift Light Armor Plating > --- WEAPON ----------- Subdweller Beam Cannon Mini Grenade Launcher > --- INVENTORY -------- Ion Engine Improved Treads Improved Treads Improved Treads Improved Treads Improved Treads Improved Treads Structural Scanner Structural Scanner Medium Laser Medium Laser Particle Gun Mini Grenade Launcher Mini Grenade Launcher Mini Grenade Launcher [Rating: 16] Favorites ----------- Power Ion Engine Engine Ion Engine Propulsion Improved Treads Treads Improved Treads Utility Large Storage Unit Device Structural Scanner Storage Large Storage Unit Protection Light Armor Plating Weapon Medium Laser Energy Gun Medium Laser Energy Cannon Subdweller Beam Cannon Launcher Mini Grenade Launcher Build | -11 -10 -10 -8 ------- Run | Yrd Mat Sub Mat Slots Evolved 4 | . . . 4 Power . | . . . . Propulsion . | . . . . Utility . | . . . . Weapon 4 | . . . 4 Parts Attached 32 | 6 15 11 . Power 3 | 1 2 . . Engine 3 | 1 2 . . Core . | . . . . Reactor . | . . . . Propulsion 8 | 2 4 2 . Treads 8 | 2 4 2 . Leg . | . . . . Wheel . | . . . . Hover . | . . . . Flight . | . . . . Utility 11 | 1 6 4 . Device 5 | . 3 2 . Storage 2 | 1 1 . . Processor . | . . . . Hackware . | . . . . Protection 4 | . 2 2 . Artifact . | . . . . Weapon 10 | 2 3 5 . Energy Gun 5 | 2 2 1 . Energy Cannon 3 | . . 3 . Ballistic Gun . | . . . . Ballistic Cannon . | . . . . Launcher 2 | . 1 1 . Special Weapon . | . . . . Impact Weapon . | . . . . Slashing Weapon . | . . . . Piercing Weapon . | . . . . Special Melee Weapon . | . . . . Unidentified Prototypes . | . . . . Parts Lost 1 | . 1 . . Power . | . . . . Propulsion . | . . . . Utility 1 | . 1 . . Weapon . | . . . . Highest Loss Streak 1 | . 1 . . To Critical Strikes . | . . . . Average Slot Usage (%) 98 | . 98 100 . Engine 14 | . 14 14 . Treads 27 | . 27 28 . Device 5 | . 5 4 . Storage 14 | . 14 14 . Protection 8 | . 8 9 . Energy Gun 21 | . 27 5 . Energy Cannon 2 | . . 9 . Launcher 3 | . . 13 . Peak Build Rating 16 | 6 12 16 . Average Rating 11 | 3 10 14 . On Entrance 8 | . 6 12 14 Naked Turns . | . . . . Heaviest Build 40 | 11 32 40 . Greatest Support 46 | 40 46 46 . Greatest Overweight (x) 9 | . 9 . . Average Overweight (x) . | . . . . Largest Inventory Capacity 15 | 8 15 15 . Average Capacity 14 | 6 14 15 . Most Carried 15 | 5 15 15 . Average Carried 11 | 1 10 14 . Final Capacity 15 | 8 15 15 15 Final Carried 15 | . 13 15 15 Class Distribution -------------------- 100% | Mutant Dominant Class ---------------- Mutant | -10/Materials Mutant | -10/Subcaves Mutant | -8/Materials Resources | -11 -10 -10 -8 ----------- Run | Yrd Mat Sub Mat Matter Collected 571 | 199 131 241 . Remotely . | . . . . Salvage Created 808 | . 648 160 . Parts 44 | . 34 10 . Haulers Intercepted 2 | . 2 . . Recyclers Shooed . | . . . . Parts Field Recycled . | . . . . Retrieved Matter . | . . . . Parts Self-Destructed 12 | . . 12 . Prevented . | . . . . Kills | -11 -10 -10 -8 ------- Run | Yrd Mat Sub Mat Combat Hostiles Destroyed 16 | . 12 4 . Guns 11 | . 11 . . Cannons 3 | . . 3 . AOE 1 | . . 1 . Classes Destroyed 6 | . 5 1 . Hauler 2 | . 2 . . Recycler 1 | . 1 . . Watcher 2 | . 2 . . Swarmer 3 | . 3 . . Grunt 9 | . 9 . . Subdweller 4 | . . 4 . Best Kill Streak 3 | . 3 3 . Combat Bots Only 3 | . 3 3 . Max Kills in Single Turn 1 | . 1 1 . Gunslinging . | . . . . Exploded 1 | . . 1 . Melee . | . . . . Uniques/NPCs Destroyed . | . . . . Combat | -11 -10 -10 -8 -------- Run | Yrd Mat Sub Mat Hostile Shots Fired 67 | . 53 14 . Missed 20 | . 13 7 . Damage Taken 675 | . 484 191 . Core 71 | . 71 . . Absorbed by Shields . | . . . . Core Remaining (%) 85 | 100 . 71 . Volleys Fired 63 | . 51 12 . Largest 2 | . 2 2 . Hottest 145 | . 115 145 . Shots Fired 119 | . 101 18 . Gun 101 | . 100 1 . Cannon 11 | . . 11 . Launcher 7 | . 1 6 . Special . | . . . . Kinetic . | . . . . Thermal 112 | . 100 12 . Explosive 7 | . 1 6 . Electromagnetic . | . . . . Robot Hit Streak 10 | . 10 5 . Robot Miss Streak 3 | . 3 2 . Penetration Max . | . . . . Secondary Targets 2 | . 2 . . Max Gunslinging Chain 1 | . 1 . . Shots Hit Robots 69 | . 59 10 . Core Hits 37 | . 32 5 . Critical Kills . | . . . . Critical Parts Destroyed . | . . . . Critical Strikes 8 | . 8 . . Burn 8 | . 8 . . Melee Attacks . | . . . . Impact . | . . . . Slashing . | . . . . Piercing . | . . . . Sneak Attacks . | . . . . Combat Hostiles . | . . . . Follow-up Attacks . | . . . . Damage Inflicted 1207 | . 736 471 . Guns 731 | . 731 . . Cannons 167 | . . 167 . Explosions 304 | . . 304 . Melee . | . . . . Ramming 5 | . 5 . . Kinetic . | . . . . Thermal 898 | . 731 167 . Explosive 304 | . . 304 . Electromagnetic . | . . . . Impact . | . . . . Slashing . | . . . . Piercing . | . . . . Highest Corruption . | . . . . Average Corruption . | . . . . Corruption Purged . | . . . . Corruption Blocked . | . . . . Overload Shots . | . . . . Overflow Damage . | . . . . Projectiles . | . . . . Explosions . | . . . . Melee . | . . . . Knockbacks . | . . . . Impact . | . . . . Kinetic . | . . . . Secondary . | . . . . Self-Inflicted Damage 24 | . . 24 . Shots 1 | . . 1 . Rammed 1 | . 1 . . Targets Rammed 1 | . 1 . . Kicked . | . . . . Crushed . | . . . . Highest Temperature 392 | . 392 315 . Average Temperature 132 | . 135 100 . Received Heat Transfer 572 | . 246 326 . Effects 2 | . 2 . . Energy Bleed 2 | . 2 . . Siege Activations . | . . . . Robots Corrupted . | . . . . Combat Hostiles . | . . . . Parts Fried . | . . . . Impact Corruptions . | . . . . Robots Melted 1 | . 1 . . Combat Hostiles 1 | . 1 . . Parts Melted 8 | . 7 1 . Heat Transferred 2997 | . 2775 222 . Parts Sabotaged . | . . . . Parts Stolen . | . . . . Parts Stripped . | . . . . Power Chain Reactions . | . . . . Alert | -11 -10 -10 -8 ------- Run | Yrd Mat Sub Mat Peak Influence 167 | . 167 . . Initial . | . . . . Average 62 | . 63 . . Maximum Alert Level . | . . . . Low Security (%) 100 | 100 100 . . Level 1 . | . . . . Level 2 . | . . . . Level 3 . | . . . . Level 4 . | . . . . Level 5 . | . . . . High Security . | . . . . Max Security . | . . . . Squads Dispatched 2 | . 2 . . Investigation 1 | . 1 . . Extermination . | . . . . Reinforcement 1 | . 1 . . Assault . | . . . . Garrison . | . . . . Intercept . | . . . . Searches Triggered . | . . . . Construction Impeded . | . . . . Haulers Reinforced . | . . . . Active Scanning Responses . | . . . . Cargo Convoy Interrupts . | . . . . Stealth | -11 -10 -10 -8 --------- Run | Yrd Mat Sub Mat Distress Signals 1 | . 1 . . Communications Jammed . | . . . . Distress Signals . | . . . . Times Spotted 23 | . 19 4 . Peak Tracking Total 3 | . 3 3 . Tactical Retreats 2 | . 2 . . Traps | -11 -10 -10 -8 ------- Run | Yrd Mat Sub Mat Traps Triggered 2 | . 2 . . Indirectly . | . . . . Trap Hack Attempts . | . . . . Triggered . | . . . . Disarmed . | . . . . Reprogrammed . | . . . . Reused . | . . . . Traps Extracted . | . . . . Installed . | . . . . Triggered . | . . . . Machines | -11 -10 -10 -8 ---------- Run | Yrd Mat Sub Mat Machines Disabled . | . . . . Max in Single Turn . | . . . . Machines Repaired . | . . . . Machines Dismantled . | . . . . Machines Sabotaged . | . . . . Overloaded Fab Kills . | . . . . Hacking | -11 -10 -10 -8 --------- Run | Yrd Mat Sub Mat Machines Accessed 2 | . 2 . . Terminals 2 | . 2 . . Fabricators . | . . . . Repair Stations . | . . . . Recycling Units . | . . . . Scanalyzers . | . . . . Garrison Access . | . . . . Total Hacks 2 | . 2 . . Successful 2 | . 2 . . Failed . | . . . . Catastrophic . | . . . . Database Lockouts . | . . . . Manual 1 | . 1 . . Terminals 2 | . 2 . . Fabricators . | . . . . Repair Stations . | . . . . Recycling Units . | . . . . Scanalyzers . | . . . . Garrison Access . | . . . . Terminal Hacks 2 | . 2 . . Record 1 | . 1 . . Branch Access Points 1 | . 1 . . Fabricator Hacks . | . . . . Repair Station Hacks . | . . . . Recycling Unit Hacks . | . . . . Scanalyzer . | . . . . Garrison Access Hacks . | . . . . Unauthorized Hacks . | . . . . Terminals . | . . . . Fabricators . | . . . . Repair Stations . | . . . . Recycling Units . | . . . . Scanalyzers . | . . . . Garrison Access . | . . . . Data Cores Recovered . | . . . . Used . | . . . . Hacking Detections 1 | . 1 . . Full Trace Events . | . . . . Feedback Events . | . . . . Feedback Blocked . | . . . . Robot Schematics Acquired . | . . . . Robots Built . | . . . . Authchips . | . . . . Time . | . . . . Total Robot Build Rating . | . . . . Part Schematics Acquired . | . . . . Parts Built . | . . . . Authchips . | . . . . Time . | . . . . Total Part Build Rating . | . . . . Parts Repaired . | . . . . Time . | . . . . Parts Recycled . | . . . . Recycled Matter . | . . . . Retrieved Matter . | . . . . Retrieved Components . | . . . . Parts Scanalyzed . | . . . . Part Schematics Acquired . | . . . . Parts Damaged . | . . . . Bothacking | -11 -10 -10 -8 ------------ Run | Yrd Mat Sub Mat Used RIF Installer . | . . . . Robots Hacked . | . . . . Non-combat . | . . . . Combat . | . . . . Robot Hacks Applied . | . . . . Relay Couplers Released . | . . . . Fabnet Peak Effective % . | . . . . Robots Rewired . | . . . . Allies Hacked . | . . . . Hacks Repelled . | . . . . Allies | -11 -10 -10 -8 -------- Run | Yrd Mat Sub Mat Total Allies . | . . . . Largest Group . | . . . . Highest-Rated Group . | . . . . Highest-Rated Ally . | . . . . Total Orders . | . . . . Ally Attacks . | . . . . Total Damage . | . . . . Kills . | . . . . Allies Corrupted . | . . . . Allies Melted . | . . . . Intel | -11 -10 -10 -8 ------- Run | Yrd Mat Sub Mat Robot Analysis Total . | . . . . Derelict Logs Recovered 1 | . . 1 . Drone Launches . | . . . . Drone Recoveries . | . . . . Exploration | -11 -10 -10 -8 ------------- Run | Yrd Mat Sub Mat Turns Passed 2463 | 51 1794 618 . Spaces Moved 1113 | 42 717 354 . Core 27 | 24 3 . . Treads 1086 | 18 714 354 . Legs . | . . . . Wheels . | . . . . Hover . | . . . . Flight . | . . . . Fastest Speed 50 | 50 160 160 . Average Speed 158 | 97 161 160 . Slowest Speed 500 | 160 500 160 . Overloaded Moves . | . . . . Propulsion Burnouts . | . . . . Robots Hopped . | . . . . Cave-ins Triggered . | . . . . Exploration Rate (%) 29 | 3 96 19 1 Regions Visited 3 Branch Regions 1 Pre-discovered Areas 1 | . . 1 . Known Exits Taken . | . . . . Unknown Exits Taken 3 | 1 1 1 . Scrap Searched 3 | . . 3 . Spaces Dug 8 | . . 8 . Terrain Destroyed 48 | . 8 40 . Melee . | . . . . Projectile 2 | . . 2 . AOE 46 | . 8 38 . Terrain Rammed . | . . . . Walls Destroyed . | . . . . Machines Disabled . | . . . . Actions | -11 -10 -10 -8 --------- Run | Yrd Mat Sub Mat Total 1686 | 52 1248 386 . Wait 437 | . 437 . . Move 1110 | 41 716 353 . Hop . | . . . . Pick Up 33 | 5 23 5 . Fast Attach 1 | 1 . . . Attach 10 | 5 5 . . Detach . | . . . . Swap 21 | . 10 11 . Drop 10 | . 5 5 . Fire 63 | . 51 12 . Melee . | . . . . Ram . | . . . . Kick . | . . . . Crush 1 | . 1 . . Escape Stasis . | . . . . Rewire . | . . . . Trap . | . . . . Miscellaneous . | . . . . Route ------- -11/Scrapyard -10/Materials (discovered 6 exits: [*Mat x3] / *Min x2 / [*Sub]) -10/Subcaves -8/Materials History --------- Turn | Location | Event 30 | -11/Scrapyard | Discovered new exit (range 15) 52 | -11/Scrapyard | Entered Materials 228 | -10/Materials | Discovered new exit (range 16) 318 | -10/Materials | Build established: Mutant 696 | -10/Materials | Discovered new exit (range 16) 699 | -10/Materials | Discovered new exit (range 11) 723 | -10/Materials | Identified exit to Mines 1448 | -10/Materials | Discovered new exit (range 16) 1788 | -10/Materials | Discovered new exit (range 8) 1846 | -10/Materials | Entered Subcaves 1863 | -10/Subcaves | Shifting Twisted Machinery released Mak. Light Armor Plating 2037 | -10/Subcaves | Shifting Twisted Machinery released Sub. Beam Cannon 2297 | -10/Subcaves | Ambushed by Subdweller buried in earth 2423 | -10/Subcaves | Discovered new exit (range 16) 2424 | -10/Subcaves | A swath of the cavern ceiling suddenly collapsed 2464 | -10/Subcaves | Entered Materials 2464 | -8/Materials | Evolved 4 slots: Weapon x4 2464 | -8/Materials | Self-destructed Last Messages --------------- Acquired Flamer. Searching scrap... Found Sub. Power Source. Found 55 Matter. Acquired 27 matter. Searching scrap... Found Sub. Beam Cannon. Found Spk. Treads. Found 36 Matter. Dropped Imp. Treads. Acquired 10 matter. The unstable cave ceiling collapses. Subatomizers dissect the Sub. Monowheel. The unstable cave ceiling collapses. EXIT=FOUND A swath of the cavern ceiling suddenly collapses. PARAMETERS=WEAPON+4 LOCATION=UNKNOWN GOAL=ESCAPE Map ----- +----------------------------------------------------+ | ??????????????????????????????????????? | | ??????????????????????????????????????? | | ??????????????????????????????????????? | | ??????????????????????????????????????? | | ??????????????????????????????????????? | | ??????????????????????????????????????? | | ??????????????????????????????????????? | | ??????????????????????????????????????? | | ??????????????????????????????????????? | | ??????????????????????????????????????? | | ??????????????????????????????????????? | | ????????????#####?????????????????????? | | ???????????###### ????????????????????? | | ???????????## # ????????????????????? | | ???????????## + ????????????????????? | | ???????????## # ????????????????????? | | ???????????## # ????????????????????? | | ??????????? # # ????????????????????? | | ??????????? # # ??????????????????? | | ??????????? # ####??????????????????? | | ??????????? # ??????????????????? | | ??????????? + ????????????????????? | | ??????????? # ????????????????????? | | ??????????? # ##????????????????????? | | ??????????? # ##????????????????????? | | ??????????? # @ ##????????????????????? | | ???????????## ##????????????????????? | | ???????????#######????????????????????? | | ???????????#######????????????????????? | | ??????????????????????????????????????? | | ??????????????????????????????????????? | | ??????????????????????????????????????? | | ??????????????????????????????????????? | | ??????????????????????????????????????? | | ??????????????????????????????????????? | | ??????????????????????????????????????? | | ??????????????????????????????????????? | | ??????????????????????????????????????? | | ??????????????????????????????????????? | | ??????????????????????????????????????? | | ??????????????????????????????????????? | | ??????????????????????????????????????? | | | | | | | | | | | | | | | | | +----------------------------------------------------+ Best States ------------- Heat Dissipation 25 Energy Generation 10 Energy Capacity 250 Matter Stores 300 Matter Capacity 300 Sight Range 16 Terrain Scan Density 10 Armor Coverage 150 Evasion (%) 50 Recoil Reduction 2 Item Schematics ----------------- None Robot Schematics ------------------ None Fabricated ------------ Nothing Alien Tech Used ----------------- None Achievements -------------- None Challenges ------------ None Game ------ Seed SigixGlidesysStabilizer Manual? 0 Play Time 00:15:42 Cumulative 70.8 hours Start 2025.03.28 @ 20:47:42 End 2025.03.28 @ 21:10:28 Sessions 1 Manual Loads 0 Difficulty Rogue Special Mode None Game No. 105 Rogue 91 Adventurer 14 Explorer 0 Win Type - Total 0 Types 0/0/0/0/0/0/0/0/0 Lore% 26 Gallery% 45 Achievement% 41 Wizard Run 0 Options --------- Layout 1 ASCII 0 Keyboard 0 Movement Mouse Keybinds 0 Fullscreen 1 Font 24/Smallcaps Map View 50x35 Zoom Use 0% Tactical HUD 0 Map Filters NONE Filters NONE Steam 1 RUN: af4dfc51-a48a-4424-ba9d-d581d194906f